 Seeded DCSS version 0.31-a0-983-g7b6862f502 (webtiles) character file.

Game seed: 13263922787007048489 (custom seed)

17 thriggle the Trooper (level 2, 0/2 HPs)
             Began as an Ogre Wanderer on Nov 2, 2023.
             Slain by a frilled lizard (2 damage)
             ... on level 3 of the Dungeon.
             The game lasted 00:01:53 (233 turns).

thriggle the Trooper (Ogre Wanderer)                 Turns: 233, Time: 00:01:53

Health: 0/2        AC:  1    Str: 13    XL:     2   Next: 62%
Magic:  4/4        EV:  9    Int: 13    God:
Gold:   8          SH:  0    Dex: 10    Spells: 3/4 levels left

rFire   + . .        a - melded +2 short sword
rCold   . . .        (shield currently unavailable)
rNeg    . . .        b - +0 robe
rPois   .            (helmet restricted)
rElec   .            (no cloak)
rCorr   .            (gloves unavailable)
SInv    .            (boots unavailable)
Will    +....        (no amulet)
Stlth   +            d - ring of protection from fire
HPRegen 0.20/turn    e - ring of willpower
MPRegen 0.09/turn

%: no passive effects
@: blade hands
A: reduced hp, large, unfitting armour, tough skin 1
a: Begin Untransformation


You were on level 3 of the Dungeon.
You had blades for hands.
You visited 1 branch of the dungeon, and saw 3 of its levels.

You collected 8 gold pieces.

Inventory:

Hand Weapons
 a - a +2 short sword (melded)
Armour
 b - a +0 robe (worn)
Jewellery
 d - a ring of protection from fire (left blade hand)
 e - a ring of willpower (right blade hand)
Talismans
 c - a blade talisman (active)
Scrolls
 f - a scroll of noise {unknown}


   Skills:
 + Level 2.9 Fighting
 + Level 2.8 Short Blades
 + Level 1.5 Dodging
 + Level 1.2 Stealth
 + Level 1.6 Spellcasting
 + Level 1.2 Earth Magic


You had 3 spell levels left.
You knew the following spells:

 Your Spells              Type           Power      Damage    Failure   Level
a - Sandblast             Erth           8%         2d5       16%         1

Your spell library contained the following spells:

 Spells                   Type           Power      Damage    Failure   Level
 Stone Arrow              Conj/Erth      4%         3d7       52%         3


Dungeon Overview and Level Annotations

Branches:
Dungeon (3/15)

Altars:


Innate Abilities, Weirdness & Mutations

You have blades for hands.
Your maximum health is decreased, since you lack skill for your form.
You are incapable of wielding weapons or throwing items.
You are too large for most types of armour.
You have tough skin. (AC +1)


Message History

The orc hits you with a +0 hand axe.
* * * LOW HITPOINT WARNING * * *
You barely miss the orc.
The orc is moderately wounded.
You hit the orc.
The orc is heavily wounded.
The orc hits you with a +0 hand axe.
* * * LOW HITPOINT WARNING * * *
As you read the scroll of teleportation, it crumbles to dust.
You feel strangely unstable. The orc hits you with a +0 hand axe.
* * * LOW HITPOINT WARNING * * *
You barely miss the orc.
The orc is heavily wounded.
The orc closely misses you.
You hit the orc but do no damage.
The orc is heavily wounded.
The orc hits you with a +0 hand axe.
* * * LOW HITPOINT WARNING * * *
You hit the orc.
You kill the orc!
You barely miss the frilled lizard.
Your surroundings suddenly seem different.
Found a blade talisman.
A rat comes into view.
You see here a blade talisman.
c - a blade talisman
Okay, then.
You begin transforming.
You continue transforming. x3
Your hands turn into razor-sharp scythe blades.
Your +2 short sword melds into your body.
HP restored.
Found a scroll labelled EMIZ ECAIKKA.
Found a stone staircase leading down.
f - a scroll labelled EMIZ ECAIKKA
There is a stone staircase leading up here.
Found a long sword.
The frilled lizard hisses angrily.
The frilled lizard bites you.
Ouch! That really hurt!
You die...

# #..##..#
#.# #.###
#..##..#
#...#
#..##..#
###'#
.......#
#.... #..#
#....
#..##
#.... ...
#.... #l#
#####.≈.≈
#@#
......≈.≈
#.#
....≈≈♣.♣
#.#
.........
#.#
....≈≈♣.♣
#.#
......≈.≈
#.#
######.≈.≈
#.# #.#
#.... #.#
#.# #....
#.# #.#
#..).


You could see a frilled lizard.

Vanquished Creatures
  An adder (D:2)
  An orc (D:3)
  A giant cockroach (D:3)
  2 goblins (D:3)
  A hobgoblin (D:3)
  A kobold (D:3)
7 creatures vanquished.

Notes
Turn   | Place    | Note
-------+----------+-------------------------------------------
     0 | D:1      | thriggle the Ogre Wanderer began the quest for the Orb.
     0 | D:1      | thriggle set off with the following items: a +2 short
                  | sword, a +0 robe, a scroll of teleportation; and the
                  | following spell memorised: Sandblast; and the following
                  | spells available to memorise: Stone Arrow.
     0 | D:1      | Reached XP level 1. HP: 22/22 MP: 2/2
    44 | D:2      | Reached XP level 2. HP: 27/29 MP: 4/4
   233 | D:3      | Slain by a frilled lizard

Illustrated notes

Levels and vault maps discovered:
D:1:      psy_arrival_fountain, layout_basic, minmay_hexomino_f4
D:2:      layout_basic, serial_shops, shop, basic_altar, st_stairs_6,
          skrybe_limestone_x
D:3:      layout_loops_ring, fedhas_altar_2, kennysheep_minor_cross,
          uniq_jessica

Action                     || total
---------------------------++-------
  Melee: Short sword       ||    37
    Use: Scroll            ||     2
 Armour: Robe              ||    25
  Dodge: Dodged            ||    15
   Form: Blade             ||     1

Table legend: (Time is in decaauts)
 A = Elapsed time spent in this place.
 B = Non-inter-level travel time spent in this place.
 C = Inter-level travel time spent in this place.
 D = Time resting spent in this place.
 E = Time spent auto-exploring this place.
 F = Levels seen in this place.
 G = Mean time per level.
                   A        B        C        D        E       F      G
               +--------+--------+--------+--------+--------+-----+--------+
         Total |    226 |    226 |      0 |      0 |     33 |   3 |   75.3 |
       Dungeon |    226 |    226 |      0 |      0 |     33 |   3 |   75.3 |
               +--------+--------+--------+--------+--------+-----+--------+

Top non-repeatable levels by time:
     D:3: 174 daAuts
     D:1: 33 daAuts
     D:2: 19 daAuts
